 Dungeon Crawl Stone Soup version 0.23.2-30-g0e89c35649 (webtiles) character file.

Game seed: 2310235657635183441

270 kaze the Chopper (level 6, 0/56 HPs)
             Began as a Hill Orc Fighter on June 12, 2019.
             Was a Follower of Makhleb.
             Succumbed to a scorpion's poison
             ... on level 4 of the Dungeon.
             The game lasted 00:03:34 (2654 turns).

kaze the Chopper (Hill Orc Fighter)                 Turns: 2654, Time: 00:03:35

Health: 0/56       AC: 11    Str: 21    XL:     6   Next: 22%
Magic:  6/6        EV:  4    Int: 13    God:    Makhleb [*.....]
Gold:   232        SH:  9    Dex: 10    Spells: 5/5 levels left

rFire    + . .     SeeInvis .   a - +0 war axe
rCold    x . .     Gourm    .   c - +0 shield
rNeg     . . .     Faith    .   h - +0 plate armour
rPois    .         Spirit   .   (no helmet)
rElec    .         Reflect  .   (no cloak)
rCorr    .         Harm     .   (no gloves)
MR       .....                  (no boots)
Stlth    ..........             (no amulet)
HPRegen  0.18/turn              p - ring of fire
MPRegen  0.10/turn              (no ring)

@: brilliant, lethally poisoned (0 -> -4)
A: no striking features
a: Renounce Religion


You were on level 4 of the Dungeon.
You worshipped Makhleb.
Makhleb was aware of your devotion.
You were hungry.

You visited 1 branch of the dungeon, and saw 4 of its levels.

You collected 232 gold pieces.

Inventory:

Hand Weapons
 a - a +0 war axe (weapon)
Armour
 c - a +0 shield (worn)
 h - a +0 plate armour (worn)
Jewellery
 p - a ring of fire (left hand)
Scrolls
 b - 3 scrolls of remove curse {unknown}
 e - 4 scrolls of identify
 g - 4 scrolls of immolation
 i - a scroll of enchant armour {unknown}
 j - a scroll of enchant weapon {unknown}
 k - a scroll of fear {unknown}
 l - a scroll of teleportation {unknown}
 o - a scroll of magic mapping {unknown}
Potions
 d - a potion of might
Comestibles
 f - 6 rations


   Skills:
 + Level 5.0 Fighting
 + Level 5.7 Axes
 + Level 4.1 Armour
 + Level 0.1 Dodging
 + Level 0.3 Stealth
 + Level 4.3 Shields


You had 5 spell levels left.
You didn't know any spells.
Your spell library contained the following spells:

 Spells                   Type           Power        Failure   Level  Hunger
 Magic Dart               Conj           #...         90%         1    ##.....
 Blink                    Tloc           N/A          96%         2    ###....
 Call Imp                 Summ           #.......     96%         2    ###....
 Slow                     Hex            #.......     96%         2    ###....
 Conjure Flame            Conj/Fire      ##......     99%         3    ####...
 Mephitic Cloud           Conj/Pois/Air  #.......     99%         3    ####...


Dungeon Overview and Level Annotations

Branches:
Dungeon (4/15)
 Temple: D:4-7

Altars:
Makhleb
Ru
Sif Muna
The Shining One


Message History

You feel sick.
There is a lethal amount of poison in your body!
* * * LOW HITPOINT WARNING * * *
You feel sick.
* * * LOW HITPOINT WARNING * * *
You feel sick.
* * * LOW HITPOINT WARNING * * *
You feel sick.
* * * LOW HITPOINT WARNING * * *
You feel sick.
* * * LOW HITPOINT WARNING * * *
You feel sick.
* * * LOW HITPOINT WARNING * * *
You feel sick.
* * * LOW HITPOINT WARNING * * *
You feel sick.
* * * LOW HITPOINT WARNING * * *
You feel sick.
An orc comes into view. It is wielding a +0 club.
You die...

#.# #.# ######
#.# #.# .....
#.###.#####..#
#.........†.#
##.##.#####..#
#.##... .....
#.##..... .......
#.##.#####.####.#
#@##.. $# #
#.#..# .# #....#
.# #.#. #.##. #.#
.# #.# # #o#


You could see an orc (sleeping).

Vanquished Creatures
  A scorpion (D:4)
  An orc priest (D:4)
  An orc wizard (D:3)
  6 adders
  An ooze (D:1)
  2 worms (D:2)
  2 dart slugs
  11 orcs
  6 bats
  6 giant cockroaches
  14 goblins
  6 hobgoblins
  6 jackals (D:2)
  3 quokkas
  2 ball pythons (D:3)
  5 frilled lizards
  5 kobolds
  A leopard gecko skeleton (D:4)
  9 rats
88 creatures vanquished.

Notes
Turn   | Place    | Note
-------+----------+-------------------------------------------
     0 | D:1      | kaze the Hill Orc Fighter began the quest for the Orb.
     0 | D:1      | Reached XP level 1. HP: 19/19 MP: 1/1
   102 | D:1      | Reached XP level 2. HP: 22/27 MP: 2/2
   598 | D:1      | Reached XP level 3. HP: 33/33 MP: 3/3
  1029 | D:2      | Reached XP level 4. HP: 25/40 MP: 4/4
  1250 | D:2      | Found a glowing golden altar of the Shining One.
  1253 | D:2      | Found a deep blue altar of Sif Muna.
  1256 | D:2      | Found a burning altar of Makhleb.
  1260 | D:2      | Became a worshipper of Makhleb the Destroyer
  1363 | D:2      | Found a sacrificial altar of Ru.
  1726 | D:2      | Reached XP level 5. HP: 46/46 MP: 5/5
  1955 | D:3      | Reached * piety under Makhleb
  2107 | D:3      | Reached skill level 5 in Axes
  2639 | D:4      | Reached skill level 5 in Fighting
  2639 | D:4      | Reached XP level 6. HP: 14/56 MP: 6/6
  2650 | D:4      | HP: 2/56 [poisoned by a scorpion]
  2654 | D:4      | Succumbed to a scorpion's poison

Skill      XL: |  1  2  3  4  5 |
---------------+----------------+-----
Axes           | 3 4 5 |  5.7
Fighting       | 4 5 |  5.0
Shields        | 4 |  4.3
Armour         | 4 |  4.1
Dodging        | |  0.1
Stealth        | |  0.3

Action                   |  1- 3 |  4- 6 || total
-------------------------+-------+-------++-------
Melee: War axe           |    79 |   200 ||   279
  Use: Scroll            |     1 |       ||     1
       Potion            |       |     3 ||     3
  Eat: Ration            |       |     1 ||     1
       Chunk             |       |     2 ||     2
Armor: Scale mail        |    21 |       ||    21
       Plate armour      |    35 |   162 ||   197
Dodge: Dodged            |    19 |    34 ||    53
Block: Shield            |    37 |   107 ||   144
